 Dungeon Crawl Stone Soup version 0.19-a0-414-g76fec5b (webtiles) character file.

48485 Duffy the Severer (level 14, -1/88 HPs)
             Began as a Gargoyle Fighter on May 31, 2016.
             Was the Champion of Cheibriados.
             Slain by an orc warrior
             ... wielding a +0 long sword
             ... led by an orc warlord
              (6 damage)
             ... on level 1 of the Orcish Mines on June 1, 2016.
             The game lasted 00:26:21 (16748 turns).

Duffy the Severer (Gargoyle Fighter)               Turns: 16748, Time: 00:26:21

Health: -1/88      AC: 35    Str: 46    XL:     14   Next: 46%
Magic:  21/21      EV: 15    Int: 25    God:    Cheibriados [******]
Gold:   763        SH:  0    Dex: 20    Spells: 2 memorised, 9 levels left

rFire  + + .     SeeInvis .     K - +0 battleaxe
rCold  . . .     Gourm    .     M - +4 chain mail "Daongid" {rF++ rN+ Regen+ Dex-5}
rNeg   + + .     Faith    +     (shield currently unavailable)
rPois  ∞         Spirit   .     U - +2 hat {MR+}
rElec  +         Dismiss  .     b - +1 cloak
rCorr  .         Reflect  .     R - +2 pair of gloves {Str+3}
SustAt .         Harm     .     v - +1 pair of boots
MR     +++..                    O - amulet of faith
Stlth  ..........               i - +5 ring of strength
                                V - ring of protection from magic

@: flying, very slow, extremely resistant to hostile enchantments, extremely
unstealthy
A: big wings, negative energy resistance 1, electricity resistance, unbreathing,
petrification resistance, rot immunity, AC +9
a: Stop Flying, Bend Time, Temporal Distortion, Slouch, Step From Time, Renounce
Religion


You were on level 1 of the Orcish Mines.
You worshipped Cheibriados.
Cheibriados was exalted by your worship.
You were not hungry.

You visited 4 branches of the dungeon, and saw 19 of its levels.
You also visited: Labyrinth and Ice Cave.

You collected 1476 gold pieces.
You spent 713 gold pieces at shops.


Innate Abilities, Weirdness & Mutations

You are resistant to torment.
Your stone body is resilient (AC +9).
You are immune to poison.
Your large and strong wings let you fly indefinitely.
You resist negative energy. (rN+)
You are resistant to electric shocks. (rElec)
You can survive without breathing.
You are immune to petrification.
You are immune to rotting.


   Skills:
 - Level 10.2 Fighting
 + Level 15.9 Axes
 - Level 9.1 Armour
 + Level 7.3 Dodging
   Level 3.2 Shields
 - Level 10.2 Invocations


You had 9 spell levels left.
You knew the following spells:

 Your Spells              Type           Power        Failure   Level  Hunger
a - Blink                 Tloc           N/A          54%         2    ###....
b - Repel Missiles        Chrm/Air       #.....       54%         2    ###....

Inventory:

Hand Weapons
 K - a +0 battleaxe (weapon)
Missiles
 y - 50 tomahawks (quivered)
 D - 48 poisoned needles
Armour
 b - a +1 cloak (worn)
 v - a +1 pair of boots (worn)
 M - the +4 chain mail "Daongid" (worn) {rF++ rN+ Regen+ Dex-5}

   It affects your dexterity (-5).
   It greatly protects you from fire.
   It protects you from negative energy.
   It increases your rate of regeneration.
 R - a +2 pair of gloves of strength (worn)
 U - a +2 hat of magic resistance (worn)
Magical Staves
 W - an uncursed staff of earth
Jewellery
 a - an uncursed ring of see invisible
 i - a +5 ring of strength (right hand)
 t - an uncursed ring of resist corrosion
 u - an uncursed ring of ice
 G - an uncursed ring of fire
 H - an uncursed ring of positive energy
 O - an amulet of faith (around neck)
 T - an uncursed ring of sustain attributes
 V - a ring of protection from magic (left hand)
Wands
 p - a wand of acid (7/15)
 x - a wand of iceblast (7/15)
 C - a wand of iceblast (8/15)
 F - a wand of digging (12/24)
 J - a wand of slowing (26/48)
 P - a wand of teleportation (2/9)
 S - a wand of lightning (5/15)
Scrolls
 e - a scroll of teleportation
 h - a scroll of fear
 k - 3 scrolls of enchant weapon
 n - 3 scrolls of fog
 w - 4 scrolls of recharging
 z - 2 scrolls of magic mapping
 A - 3 scrolls of enchant armour
 B - 5 scrolls of vulnerability
 E - 2 scrolls of remove curse
 Q - a scroll of blinking
Potions
 c - 4 potions of resistance
 d - 3 potions of might
 j - 2 potions of heal wounds
 l - 2 potions of ambrosia
 r - 2 potions of agility
 s - 4 potions of curing
 L - a potion of lignification
 N - 3 potions of magic
Comestibles
 f - 11 bread rations
 g - 11 meat rations
 m - 4 beef jerkies
 o - 5 fruits
 q - 9 slices of pizza

Dungeon Overview and Level Annotations

Branches:
Dungeon (12/15)            Temple (1/1) D:4            Lair (4/8) D:11
    Orc (2/2) D:10
  Swamp: Lair:3-6    Shoals: Lair:3-6     Snake: Lair:3-6    Spider: Lair:3-6
    Elf: Orc:2

Altars:
Ashenzari
Cheibriados
Dithmenos
Elyvilon
Fedhas
Gozag
Hepliaklqana
Kikubaaqudgha
Makhleb
Nemelex Xobeh
Okawaru
Pakellas
Qazlal
Ru
Sif Muna
Trog
Uskayaw
Vehumet
Xom
Yredelemnul
Zin
The Shining One

Shops:
D:8 (   D:9 =[[%!   Orc:2 (%*(


Message History

You are too injured to fight recklessly!
You are too injured to fight recklessly!
You are too injured to fight recklessly!
You are too injured to fight recklessly!
You are too injured to fight recklessly!
You are too injured to fight recklessly!
You are too injured to fight recklessly!
You are too injured to fight recklessly!
You are too injured to fight recklessly!
You are too injured to fight recklessly!
You are too injured to fight recklessly!
You are too injured to fight recklessly!
You are too injured to fight recklessly!
You are too injured to fight recklessly!
You are too injured to fight recklessly!
You are too injured to fight recklessly!
You are too injured to fight recklessly!
You are too injured to fight recklessly!
You are too injured to fight recklessly!
You are too injured to fight recklessly!
You are too injured to fight recklessly!
You are too injured to fight recklessly!
You are too injured to fight recklessly!
You are too injured to fight recklessly!
You are too injured to fight recklessly!
You are too injured to fight recklessly!
You are too injured to fight recklessly!
You are too injured to fight recklessly!
You are too injured to fight recklessly!
You are too injured to fight recklessly!
You open the orc warlord like a pillowcase!!!
The orc warlord is severely wounded.
You slash the orc warrior!
The orc warrior is heavily wounded.
You slice the ogre!!
You kill the ogre!
Cheibriados thoroughly appreciates the change of pace.
You hit the orc warrior.
The orc warrior is moderately wounded.
The orc warrior hits you with a scimitar.
The orc misses you.
Your chain mail "Daongid" prevents you from hitting the orc warlord.
The orc warlord is severely wounded.
You slash the orc warrior!
The orc warrior is severely wounded.
You hit the orc warrior.
The orc warrior is heavily wounded.
The orc warlord misses you. The orc warrior misses you.
The orc warrior hits you with a long sword.
You die...

#...## .....#
.....# ##..#$#
##......#
##....#.#
#..))..#...
#.@o...#
#)oo....#
.o.$oo.....
#....$.......
#.......#....
..............
....#.....#....
..
#$.............


You could see an orc warlord, 4 orc warriors and an orc.

Action                   |  1- 3 |  4- 6 |  7- 9 | 10-12 | 13-15 || total
-------------------------+-------+-------+-------+-------+-------++-------
Melee: War axe           |    95 |   171 |   419 |       |       ||   685
       Battleaxe         |       |       |     7 |   507 |   546 ||  1060
Invok: Slouch            |       |       |       |       |     2 ||     2
 Abil: Fly               |       |       |       |       |     1 ||     1
Evoke: Wand              |       |       |     1 |       |       ||     1
  Use: Scroll            |       |       |    14 |    11 |     4 ||    29
       Potion            |       |       |       |     1 |     1 ||     2
 Stab: Distracted        |       |       |     1 |       |       ||     1
       Invisible         |       |       |       |     3 |       ||     3
  Eat: Chunk             |       |     6 |     9 |    10 |     8 ||    33
       Fruit             |       |       |       |     2 |       ||     2
Armor: Scale mail        |    33 |    78 |   224 |       |       ||   335
       Plate armour      |       |       |    91 |   573 |    70 ||   734
       Chain mail        |       |       |       |       |   350 ||   350
Dodge: Dodged            |    34 |    45 |   148 |   288 |   449 ||   964
Block: Shield            |    35 |   106 |   287 |       |       ||   428

Notes
Turn   | Place    | Note
--------------------------------------------------------------
     0 | D:1      | Duffy the Gargoyle Fighter began the quest for the Orb.
     0 | D:1      | Reached XP level 1. HP: 14/14 MP: 1/1
    12 | D:1      | Reached skill level 2 in Axes
    38 | D:1      | Reached XP level 2. HP: 17/19 MP: 2/2
   505 | D:2      | Reached skill level 3 in Axes
   509 | D:2      | Reached XP level 3. HP: 23/23 MP: 3/3
   974 | D:2      | Reached XP level 4. HP: 26/28 MP: 4/4
   981 | D:2      | Reached skill level 4 in Axes
  1405 | D:2      | Reached XP level 5. HP: 32/32 MP: 5/5
  2189 | D:4      | Reached skill level 4 in Fighting
  2345 | D:4      | Reached skill level 5 in Axes
  2345 | D:4      | Reached XP level 6. HP: 37/39 MP: 6/6
  2462 | D:4      | Noticed tstbtto's ghost (amateur MiWr)
  2481 | D:4      | Killed tstbtto's ghost
  2481 | D:4      | Reached skill level 5 in Fighting
  2668 | D:4      | Reached XP level 7. HP: 44/44 MP: 7/7
  2702 | D:4      | Found a staircase to the Ecumenical Temple.
  2709 | D:4      | Found a snail-covered altar of Cheibriados.
  2719 | D:4      | Became a worshipper of Cheibriados the Contemplative
  2728 | Temple   | Entered the Ecumenical Temple
  3023 | D:4      | Reached skill level 6 in Fighting
  3067 | D:4      | Reached skill level 6 in Axes
  3249 | D:5      | Entered Level 5 of the Dungeon
  3439 | D:5      | Found a burning altar of Makhleb.
  3444 | D:5      | Found a hide-covered altar of Uskayaw.
  3444 | D:5      | Found an opulent altar of Gozag.
  3640 | D:5      | Noticed Eustachio
  3680 | D:5      | Killed Eustachio
  3680 | D:5      | Reached XP level 8. HP: 27/52 MP: 8/8
  3744 | D:5      | Reached * piety under Cheibriados
  3747 | D:5      | Reached skill level 7 in Fighting
  4210 | D:5      | Reached skill level 7 in Axes
  5014 | D:6      | Noticed Pikel
  5028 | D:6      | Killed Pikel
  5028 | D:6      | Reached skill level 8 in Fighting
  5028 | D:6      | Reached skill level 8 in Axes
  5028 | D:6      | Reached XP level 9. HP: 34/60 MP: 9/9
  5350 | D:6      | Reached ** piety under Cheibriados
  5607 | D:6      | Noticed Edmund
  5621 | D:6      | Killed Edmund
  5621 | D:6      | Reached skill level 9 in Fighting
  5821 | D:6      | Found a snail-covered altar of Cheibriados.
  6310 | D:7      | Reached skill level 4 in Armour
  6425 | D:7      | Reached skill level 9 in Axes
  6528 | D:7      | Reached *** piety under Cheibriados
  6581 | D:7      | Reached skill level 5 in Armour
  6701 | D:7      | Reached XP level 10. HP: 66/66 MP: 10/10
  6708 | D:7      | Reached skill level 6 in Armour
  7208 | D:8      | Reached **** piety under Cheibriados
  7210 | D:8      | Found Iruniefo's Antique Weapon Shop.
  7236 | D:8      | Reached skill level 10 in Axes
  7319 | D:8      | Learned a level 2 spell: Blink
  7322 | D:8      | Learned a level 2 spell: Repel Missiles
  7402 | D:8      | Reached skill level 7 in Armour
  7646 | D:9      | Reached ***** piety under Cheibriados
  7670 | D:9      | Found Lieb's Distillery.
  7677 | D:9      | Bought a potion of heal wounds for 85 gold pieces
  7677 | D:9      | Bought a potion of degeneration for 17 gold pieces
  7680 | D:9      | Bought a potion of agility for 68 gold pieces
  7862 | D:9      | Reached skill level 8 in Armour
  7926 | D:9      | Found Meur's Armour Emporium.
  7946 | D:9      | Found Makhloud's Antique Armour Boutique.
  7971 | D:9      | Found Tiuthroh's Food Shoppe.
  8201 | D:9      | Found Zuept's Jewellery Shoppe.
  8250 | D:9      | Bought an uncursed amulet of faith for 440 gold pieces
  8280 | D:10     | Entered Level 10 of the Dungeon
  8371 | D:10     | Found a staircase to the Orcish Mines.
  8383 | D:10     | Reached skill level 11 in Axes
  8393 | D:10     | Reached skill level 9 in Armour
  8393 | D:10     | Reached XP level 11. HP: 64/71 MP: 11/11
  8405 | D:10     | Reached skill level 1 in Invocations
  8424 | D:10     | Reached skill level 2 in Invocations
  8908 | D:10     | Reached skill level 3 in Invocations
  8909 | D:10     | Reached ****** piety under Cheibriados
  8920 | D:10     | Noticed a hill giant
  8929 | D:10     | Killed a hill giant
  8929 | D:10     | Reached skill level 4 in Invocations
  9301 | D:9      | Bought a pair of runed gloves for 103 gold pieces
  9490 | D:11     | Noticed a hill giant
  9496 | D:11     | Killed a hill giant
  9496 | D:11     | Reached skill level 5 in Invocations
  9640 | D:11     | Reached skill level 12 in Axes
  9725 | D:11     | Found a staircase to the Lair.
  9804 | D:11     | Reached skill level 6 in Invocations
 10424 | D:11     | Noticed a cyclops
 10434 | D:11     | Killed a cyclops
 10685 | D:11     | Reached skill level 7 in Invocations
 10690 | D:11     | Reached XP level 12. HP: 73/76 MP: 17/17
 10925 | D:12     | Reached skill level 8 in Invocations
 10959 | D:12     | Noticed a tengu warrior
 10967 | D:12     | Killed a tengu warrior
 10967 | D:12     | Reached skill level 13 in Axes
 11355 | D:12     | Reached skill level 9 in Invocations
 12037 | Lair:1   | Entered Level 1 of the Lair of Beasts
 12062 | Lair:1   | Noticed tstbtto's ghost (journeyman MiWr)
 12074 | Lair:1   | Killed tstbtto's ghost
 12074 | Lair:1   | Reached skill level 10 in Invocations
 12080 | Lair:1   | Found a labyrinth entrance.
 12092 | Lab      | Entered a labyrinth
 12366 | Lab      | Noticed a minotaur
 12371 | Lab      | Killed a minotaur
 12373 | Lab      | Got a shimmering plate armour
 12395 | Lab      | Got a polished eveningstar
 12406 | Lab      | Identified the cursed +1 plate armour of Satisfaction {rF+ rC+ Dex-3} (You took it off a minotaur in a labyrinth)
 12434 | Lair:1   | Found a frozen archway.
 12439 | Lair:1   | Reached XP level 13. HP: 77/82 MP: 20/20
 12451 | Lair:1   | Reached skill level 14 in Axes
 12454 | IceCv    | Entered an ice cave
 12520 | IceCv    | Reached skill level 10 in Fighting
 12761 | IceCv    | Reached skill level 1 in Dodging
 13237 | Lair:1   | Reached skill level 2 in Dodging
 13354 | Lair:2   | Noticed tstbtto's ghost (journeyman MiCK)
 13367 | Lair:2   | Killed tstbtto's ghost
 13522 | Lair:2   | Got a slimy chain mail
 13533 | Lair:2   | Identified the +4 chain mail "Daongid" {rF++ rN+ Regen+ Dex-5} (You found it on level 2 of the Lair of Beasts)
 13538 | Lair:2   | Found a shadowy altar of Dithmenos.
 13731 | Lair:2   | Reached skill level 3 in Dodging
 13808 | Lair:2   | Noticed Kidiri's ghost (journeyman DEFE)
 13831 | Lair:2   | Killed Kidiri's ghost
 13912 | Lair:1   | Noticed Gastronok
 13928 | Lair:1   | Killed Gastronok
 13928 | Lair:1   | Reached skill level 4 in Dodging
 13963 | Lair:1   | You fall through a shaft!
 15083 | Lair:3   | Reached skill level 15 in Axes
 15083 | Lair:3   | Reached skill level 5 in Dodging
 15166 | Lair:3   | Gained mutation: Your large and strong wings let you fly indefinitely. [Gargoyle growth]
 15166 | Lair:3   | Reached XP level 14. HP: 87/88 MP: 21/21
 15380 | Lair:3   | Reached skill level 6 in Dodging
 16220 | Orc:1    | Entered Level 1 of the Orcish Mines
 16322 | Orc:2    | Entered Level 2 of the Orcish Mines
 16407 | Orc:2    | Noticed Sonja
 16409 | Orc:2    | Found Piveq's Food Emporium.
 16409 | Orc:2    | Found Rimn's Assorted Antiques.
 16409 | Orc:2    | Found Qostreli's Weapon Boutique.
 16411 | Orc:2    | Killed Sonja
 16412 | Orc:2    | Reached skill level 7 in Dodging
 16427 | Orc:2    | Found Bapnof's Weapon Shoppe.
 16736 | Orc:1    | Noticed an orc warlord
 16748 | Orc:1    | Slain by an orc warrior

Skill      XL: |  1  2  3  4  5  6  7  8  9 10 11 12 13 14 |
---------------+-------------------------------------------+-----
Axes           | 2 3 4 5 6 8 9 11 12 13 15 | 15.9
Fighting       | 4 5 6 8 9 10 | 10.2
Armour         | 5 9 |  9.1
Invocations    | 7 10 | 10.2
Dodging        | 5 7 |  7.3
Shields        | |  3.2

Vault maps used:
D:1:      dpeg_arrival_renting
D:4:      minmay_temple_entry_crystal_x, cheibriados_altar_1
D:5:      grunt_temple_overflow_open, first_bread, portal_sewer_entry_e,
          uniq_eustachio
D:6:      lemuel_round_altar, grunt_ministairs_14, corexii_hall_statues_u,
          uniq_edmund, uniq_pikel
D:7:      grunt_livestock, lightli_corner_chamber
D:8:      serial_shops, shop
D:9:      serial_shops, nicolae_shop_behind_doors, nicolae_shop_waterfront,
          shop, kennysheep_little_box, shop
D:10:     kennysheep_orc_monster_closet_entryway
D:11:     erik_lair_orcish_takeover, kennysheep_generic_room_5
D:12:     nicolae_underground_beach
Temple:   grunt_circular_temple_18
Lair:1:   portal_ice_cave_entry_ice_beasts, lab_entry_generic, uniq_gastronok
Lair:2:   lemuel_oklob_altar
Lair:3:   wad_woods_river_02, hangedman_lair_unloving_vines,
          serial_bayou_shore_a, grunt_megastairs_5
Lair:4:   grunt_megastairs_3, serial_bayou_shore_b
Orc:2:    st_orc_rangers, uniq_sonja
Lab:      labyrinth_mini_lab, nicolae_lab_x, labyrinth_skeletal_remains,
          lab_statue
IceCv:    ice_cave_tombish

Vanquished Creatures
  Gastronok
  The ghost of Kidiri the Arsonist, a journeyman DEFE of Vehumet
  The ghost of tstbtto the Severer, a journeyman MiCK of Makhleb
  A minotaur
  The ghost of tstbtto the Severer, a journeyman MiWr of Makhleb
  2 hydras
  6 death yaks
  A tengu warrior Sonja
  2 hill giants Pikel
  An orc knight
  A necromancer
  2 griffons
  An oklob plant
  3 cyclopes
  2 ice statues
  4 spiny frogs
  A black mamba
  A rime drake
  4 komodo dragons
  6 ice devils
  4 trolls
  2 two-headed ogres
  A blink frog
  11 slime creatures
  A wraith
  2 redbacks
  2 wyverns Eustachio
  31 yaks
  A human
  The ghost of tstbtto the Chopper, an amateur MiWr
  4 water elementals
  A hungry ghost
  10 hippogriffs
  3 vampire mosquitoes
  A mottled dragon Edmund
  6 wargs
  4 water moccasins
  7 porcupines
  10 ice beasts
  2 phantoms
  4 slaves
  2 eyes of draining
  40 orc warriors
  A wasp
  2 black bears
  6 wolves
  10 ogres
  16 centaurs
  9 crocodiles
  3 big kobolds
  15 giant frogs
  A wyvern zombie
  6 gnoll sergeants
  A water moccasin skeleton
  3 scorpions
  6 killer bees
  8 wights
  An electric eel
  4 crimson imps
  A giant frog zombie
  2 centaur zombies
  4 quasits
  27 orc wizards
  6 hounds
  3 draconian simulacra
  2 centaur skeletons
  9 orc priests
  4 jellies
  2 giant frog skeletons
  13 iguanas
  11 worker ants
  5 troll simulacra
  12 sheep
  A centaur simulacrum
  A hound zombie
  5 gnolls
  28 river rats
  14 adders
  A naga simulacrum
  2 shadow imps
  3 adder zombies
  6 worms
  4 dart slugs
  2 giant geckos
  85 orcs
  9 bats
  4 giant cockroaches
  6 goblins
  10 hobgoblins
  14 jackals
  10 kobolds
  4 quokkas
  A ball python
  7 giant newts
  A quokka zombie
  11 rats
  3 fungi
  7 plants
628 creatures vanquished.
